 Dungeon Crawl Stone Soup version 0.26-a0-252-gb32a1a6195 (webtiles) character file.

Game seed: 9674319606100949493

7 Conn the Magician (level 2, 0/17 HPs)
             Began as an Octopode Hedge Wizard on July 9, 2020.
             Slain by a jackal (3 damage)
             ... on level 1 of the Dungeon.
             The game lasted 00:01:13 (341 turns).

Conn the Magician (Octopode Hedge Wizard)            Turns: 341, Time: 00:01:13

Health: 0/17       AC:  3    Str:  9    XL:     2   Next: 0%
Magic:  6/6        EV: 13    Int: 16    God:
Gold:   37         SH:  0    Dex: 13    Spells: 6/7 levels left

rFire    . . .     SeeInvis .   (no weapon)
rCold    . . .     Faith    .   (no shield)
rNeg     . . .     Spirit   .   a - +0 hat
rPois    .         Reflect  .   (no amulet)
rElec    .         Harm     .   (no ring)
rCorr    .                      (no ring)
MR       .....                  (no ring)
Stlth    +++.......             (no ring)
HPRegen  0.05/turn              (no ring)
MPRegen  0.10/turn              (no ring)
                                (no ring)
                                (no ring)

@: mighty, flying
A: almost no armour, stealthy swim, amphibious, 8 rings, constrict 8, antennae
1, molten scales 1, camouflage 1, agile 1, gelatinous body 1
a: no special abilities


You were on level 1 of the Dungeon.
You were not hungry.

You visited 1 branch of the dungeon, and saw 1 of its levels.

You collected 37 gold pieces.

Inventory:

Armour
 a - a +0 hat (worn)
Scrolls
 b - a scroll of fear {unknown}
 d - a scroll of random uselessness {unknown}
Comestibles
 c - 2 rations


   Skills:
 + Level 2.1 Dodging
 + Level 2.8 Stealth
 + Level 3.2 Spellcasting
 + Level 1.0 Conjurations
   Level 1.0 Summonings
   Level 1.0 Translocations


You had 6 spell levels left.
You knew the following spells:

 Your Spells              Type           Power        Failure   Level
a - Magic Dart            Conj           #...         12%         1

Your spell library contained the following spells:

 Spells                   Type           Power        Failure   Level
 Blink                    Tloc           N/A          19%         2
 Call Imp                 Summ           #.......     19%         2
 Slow                     Hex            #.......     28%         2
 Conjure Flame            Conj/Fire      #.......     41%         3
 Mephitic Cloud           Conj/Pois/Air  #.......     43%         3


Dungeon Overview and Level Annotations

Branches:
Dungeon (1/15)

Altars:


Innate Abilities, Weirdness & Mutations

You cannot wear most types of armour.
You are very stealthy in the water. (Stealth+)
You are amphibious.
You can wear up to eight rings at the same time.
You can use your tentacles to constrict eight enemies at once.
Your skin changes colour to match your surroundings (Stealth+).
Your rubbery body absorbs attacks. (AC +1, EV +1)
You have a pair of small antennae on your head.
You are partially covered in molten scales. (AC +2)
You are agile. (Dex +2)


Message History

It was a potion of might.
You feel very mighty all of a sudden. The jackal barely misses you.
You miss the jackal. Your grab misses the jackal.
The jackal closely misses you. The jackal bites you.
* * * LOW HITPOINT WARNING * * *
It was a potion of mutation.
You feel extremely strange. A pair of antennae grows on your head!
Molten scales grow over part of your body.
You feel agile.
The jackal bites you but does no damage.
It was a potion of flight.
You feel very buoyant.
You fly up into the air.
The jackal barely misses you.
You tentacle-slap the jackal.
You kill the jackal!
You have reached level 2!
You miss the jackal. Your grab misses the jackal.
Your squeeze misses the jackal. The jackal bites you.
You die...

#. .......# #. ........
# #† ..h..h.##.# #.
......#.# #. .......
### #####. #. #...# #..
..### #...###.######
#.# #.# #
#.....(..h@..####.#
#.###
#...###.####......###
#.... #. ###
#.##.....###.##.
#.#..(....##.##.
########.#.++'+++...##.
.........#.+....+...###
#########...+.<..+.#.#
............+....+.#.#
#########...+....+.#.#


You could see a jackal.

Vanquished Creatures
  A giant cockroach (D:1)
  A hobgoblin (D:1)
  A jackal (D:1)
  A ball python (D:1)
  A frilled lizard (D:1)
  2 rats (D:1)
7 creatures vanquished.

Notes
Turn   | Place    | Note
-------+----------+-------------------------------------------
     0 | D:1      | Conn the Octopode Hedge Wizard began the quest for the Orb.
     0 | D:1      | Reached XP level 1. HP: 11/11 MP: 4/4
   338 | D:1      | Gained mutation: You have a pair of small antennae on your
                  | head. [potion of mutation]
   338 | D:1      | Gained mutation: You are partially covered in molten
                  | scales. (AC +2) [potion of mutation]
   338 | D:1      | Gained mutation: You are agile. (Dex +2) [potion of
                  | mutation]
   340 | D:1      | Reached XP level 2. HP: 3/17 MP: 6/6
   341 | D:1      | Slain by a jackal

Illustrated notes

Levels and vault maps discovered:
D:1:      lightli_arrival_maybe_door_vault, layout_loops_ring

Action                   || total
-------------------------++-------
Melee: Unarmed           ||     4
 Cast: Magic Dart        ||    13
  Use: Potion            ||     3
Armor: Skin              ||     2
Dodge: Dodged            ||     3

Table legend:
 A = Non-vault XP
 B = Vault XP
 C = Vault XP percentage of total XP
 D = Non-vault monster count
 E = Vault monster count
 F = Vault count percentage of total count
                 A         B        C        D         E       F
            +---------+---------+-------+---------+---------+-------
      Total |      10 |       0 |   0.0 |       7 |       0 |   0.0
            +---------+---------+-------+---------+---------+-------
        D:1 |      10 |       0 |   0.0 |       7 |       0 |   0.0
            +---------+---------+-------+---------+---------+-------
